 Dungeon Crawl Stone Soup version 0.31.0-32-g396128a36d (webtiles) character file.

Game seed: 13061221157274543816

2545 monsoonserge the Grappler (level 9, -1/58 HPs)
             Began as an Octopode Fighter on Mar 13, 2024.
             Was an Initiate of Gozag.
             Slain by a two-headed ogre
             ... wielding a +0 giant club
              (26 damage)
             ... on level 8 of the Dungeon.
             The game lasted 00:25:03 (6500 turns).

monsoonserge the Grappler (Octopode Fighter)        Turns: 6500, Time: 00:25:04

Health: -1/58      AC:  5    Str: 19    XL:     9   Next: 55%
Magic:  9/9        EV: 13    Int: 11    God:    Gozag
Gold:   945        SH:  9    Dex: 17    Spells: 8/8 levels left

rFire   . .          .
                       - Unarmed
rCold   . . .        f - +0 kite shield
rNeg    . . .        (helmet restricted)
rPois   .            (no amulet)
rElec   .            g - +4 ring of protection
rCorr   .            q - +6 ring of dexterity
SInv    .            o - ring of wizardry
Will    +....        v - ring of willpower
Stlth   ++++         (no ring)
HPRegen 0.29/turn    (no ring)
MPRegen 0.11/turn    (no ring)
                     (no ring)

%: wizardry (x1)
@: gold aura, studying Throwing
A: almost no armour, amphibious, 8 rings, camouflage 1, gelatinous body 1,
(nimble swimmer 1), tentacles
a: Renounce Religion, Potion Petition, Call Merchant, Bribe Branch


You were on level 8 of the Dungeon.
You worshipped Gozag.
Gozag was pleased with you.
You visited 2 branches of the dungeon, and saw 9 of its levels.

You collected 1050 gold pieces.
You paid 105 gold pieces to Gozag.

Inventory:

Missiles
 c - 4 throwing nets
 i - 6 poisoned darts
 n - 4 atropa-tipped darts (quivered)
 z - 2 boomerangs
Armour
 a - a +0 buckler
 f - a +0 kite shield (worn)
Jewellery
 g - a +4 ring of protection (left tentacle)
 o - a ring of wizardry (on tentacle)
 q - a +6 ring of dexterity (right tentacle)
 v - a ring of willpower (on tentacle)
Talismans
 m - a flux talisman
Wands
 r - a wand of paralysis (4)
 t - a wand of flame (24)
 u - a wand of quicksilver (11)
 y - a wand of iceblast (11)
 E - a wand of mindburst (18)
Scrolls
 d - a scroll of revelation
 e - a scroll of enchant armour
 j - a scroll of brand weapon
 k - a scroll of fog {unknown}
 p - 3 scrolls of vulnerability {unknown}
 s - a scroll of fear {unknown}
 x - a scroll of teleportation {unknown}
 C - a scroll of enchant weapon {unknown}
Potions
 b - a potion of might
 h - 2 potions of heal wounds
 l - 7 potions of curing {unknown}
 w - 3 potions of magic
 A - a potion of lignification {unknown}
 B - a potion of cancellation {unknown}
 D - a potion of haste {unknown}
 F - a potion of ambrosia {unknown}


   Skills:
 - Level 4.0 Fighting
 + Level 5.7 Throwing
 - Level 4.0 Dodging
 - Level 5.0 Stealth
 - Level 3.4 Shields
 - Level 10.0 Unarmed Combat
 * Level 3.6 Shapeshifting


You had 8 spell levels left.
You didn't know any spells.
Your spell library contained the following spells:

 Spells                   Type           Power      Damage    Failure   Level
 Shock                    Conj/Air       0%         1d3       32%         1
 Ensorcelled Hibernation  Hex/Ice        0%         N/A       45%         2
 Fugue of the Fallen      Necr           0%         N/A       69%         3
 Ozocubu's Armour         Ice            0%         N/A       69%         3
 Swiftness                Air            0%         N/A       69%         3
 Airstrike                Air            0%         2d(0-16)  96%         4
 Anguish                  Hex/Necr       0%         N/A       96%         4
 Manifold Assault         Tloc           0%         N/A       96%         4
 Metabolic Englaciation   Hex/Ice        0%         N/A       100%        5
 Dispersal                Tloc           0%         N/A       100%        6
 Sculpt Simulacrum        Ice/Alch       0%         N/A       100%        6
 Disjunction              Tloc           0%         N/A       100%        8


Dungeon Overview and Level Annotations

Branches:
Dungeon (8/15)             Temple (1/1) D:5
   Lair: D:8-11

Altars:
Ashenzari
Cheibriados
Dithmenos
Elyvilon
Fedhas
Gozag
Hepliaklqana
Kikubaaqudgha
Makhleb
Nemelex Xobeh
Okawaru
Qazlal
Sif Muna
Trog
Uskayaw
Vehumet
Wu Jian
Xom
Yredelemnul
Zin
The Shining One

Shops:
D:5 (

Annotations:
D:3 Sigmund
D:4 Grinder
D:6 2 transporters, Valrug's ghost, novice GrEE


Innate Abilities, Weirdness & Mutations

You cannot wear most types of armour.
You are amphibious.
You can wear up to eight rings at the same time.
Your skin changes colour to match your surroundings (Stealth+).
Your rubbery body absorbs attacks. (AC +1, EV +1)
((You are camouflaged when in or above water. (Stealth+)))
You have tentacles for arms and can constrict up to eight enemies at once.


Message History

The poisoned dart hits the two-headed ogre.
The two-headed ogre is poisoned.
The two-headed ogre shouts in stereo!
You throw a poisoned dart.
The poisoned dart barely misses the two-headed ogre.
You throw a poisoned dart.
The poisoned dart hits the two-headed ogre.
The two-headed ogre looks even sicker.
The two-headed ogre is lightly wounded.
You throw a poisoned dart.
The poisoned dart hits the two-headed ogre!
The two-headed ogre looks as sick as possible!
The two-headed ogre is lightly wounded.
You throw a poisoned dart.
The poisoned dart hits the two-headed ogre.
The two-headed ogre is lightly wounded.
You throw a poisoned dart.
The poisoned dart hits the two-headed ogre!
The two-headed ogre looks as sick as possible!
The two-headed ogre is lightly wounded.
Throw: 5 darts (atropa)
Press: ? - help, Q - select action, (/) - cycle Shift-Dir - straight line, f/p - two-headed ogre
Aim: a two-headed ogre, wielding a +0 giant club and a +0 giant spiked club (lightly wounded, extremely poisoned, 76% to hit, chance to blind on hit: 29%)
You throw an atropa-tipped dart.
The atropa-tipped dart hits the two-headed ogre!
The two-headed ogre resists.
The two-headed ogre is lightly wounded.
You bludgeon the two-headed ogre! You squeeze the two-headed ogre!
The two-headed ogre is heavily wounded.
The two-headed ogre hits you with a +0 giant club!
The two-headed ogre hits you with a +0 giant spiked club!!
Okay, then.
You bludgeon the two-headed ogre!
The two-headed ogre is severely wounded.
You tentacle-slap the two-headed ogre. You squeeze the two-headed ogre.
The two-headed ogre is almost dead.
The two-headed ogre barely misses you.
The two-headed ogre hits you with a +0 giant spiked club!!
You die...
Your body crumbles into a pile of gold.

##.#.#......>### ##....
.....#.........##.......
##.###..................
.# # #.##...............
#.....# #.##..........#
##...# ###.##.......#
..... #.##.......##
..... ...####......#
.... .#. #....@....#
.... . .. ###.O......#
.#.. ## #..(......... ..
#..(.......##. ..
#.((#......##
(.###....... ..
........# ..........


You could see a two-headed ogre (extremely poisoned).

Vanquished Creatures
  A steam dragon (D:6)
  2 orc warriors (D:8)
  An ice beast (D:5)
  2 ogres
  3 black bears
  2 centaurs
  A kobold brigand (D:6)
  Blork the orc (D:6)
  4 bullfrogs
  A gnoll sergeant (D:7)
  2 scorpions (D:5)
  3 howler monkeys (D:7)
  3 hounds
  A bombardier beetle (D:6)
  3 orc priests
  3 sleepcaps
  9 orc wizards
  12 gnolls
  7 adders
  A shadow imp (D:7)
  2 white imps
  A dart slug (D:3)
  4 ribbon worms
  36 orcs
  5 bats
  7 endoplasms
  A giant cockroach (D:1)
  6 goblins
  4 hobgoblins
  8 jackals
  8 kobolds
  3 quokkas
  5 ball pythons
  4 frilled lizards
  7 rats
163 creatures vanquished.

Notes
Turn   | Place    | Note
-------+----------+-------------------------------------------
     0 | D:1      | monsoonserge the Octopode Fighter began the quest for the
                  | Orb.
     0 | D:1      | Reached XP level 1. HP: 16/16 MP: 1/1
    84 | D:1      | Reached XP level 2. HP: 16/21 MP: 2/2
    85 | D:1      | Found a faded altar of an unknown god.
   493 | D:1      | Reached skill level 3 in Unarmed Combat
   675 | D:1      | Reached skill level 1 in Stealth
   721 | D:2      | Reached XP level 3. HP: 26/26 MP: 3/3
  1059 | D:2      | Found a shimmering altar of Xom.
  1326 | D:3      | Reached XP level 4. HP: 31/31 MP: 4/4
  1408 | D:3      | Found a shimmering blue altar of Sif Muna.
  1471 | D:3      | Noticed Sigmund
  1570 | D:3      | Reached skill level 4 in Unarmed Combat
  1617 | D:3      | Identified the +0 leather armour of Indecent Exposure
                  | {rPois Dex+3}
  1794 | D:4      | Found a shimmering altar of Xom.
  1874 | D:4      | Found a white marble altar of Elyvilon.
  2099 | D:4      | Reached XP level 5. HP: 36/36 MP: 5/5
  2187 | D:4      | Noticed Grinder
  2231 | D:5      | Entered Level 5 of the Dungeon
  2231 | D:5      | Found a glowing silver altar of Zin.
  2231 | D:5      | Found a stormy altar of Qazlal.
  2252 | D:4      | Found a basalt altar of Yredelemnul.
  2368 | D:4      | Found a blossoming altar of Fedhas.
  2533 | D:4      | Reached skill level 5 in Unarmed Combat
  2678 | D:5      | Found Wiust's Weapon Boutique.
  2761 | D:5      | Reached XP level 6. HP: 34/42 MP: 6/6
  2879 | D:5      | Reached skill level 6 in Unarmed Combat
  3038 | D:5      | Reached XP level 7. HP: 46/46 MP: 7/7
  3054 | D:5      | Reached skill level 5 in Stealth
  3152 | D:5      | Found a staircase to the Ecumenical Temple.
  3167 | Temple   | Entered the Ecumenical Temple
  3169 | Temple   | Reached skill level 7 in Unarmed Combat
  3176 | Temple   | Became a worshipper of Gozag Ym Sagoz the Greedy
  3773 | D:6      | Reached skill level 8 in Unarmed Combat
  3773 | D:6      | Reached XP level 8. HP: 24/52 MP: 8/8
  4194 | D:6      | Noticed Blork the orc
  4201 | D:6      | Killed Blork the orc
  4234 | D:6      | Found an ancient bone altar of Kikubaaqudgha.
  4260 | D:6      | Reached skill level 9 in Unarmed Combat
  4398 | D:6      | Reached skill level 1 in Throwing
  4448 | D:6      | Found a transporter.
  4452 | D:6      | Noticed Valrug's ghost (novice GrEE)
  4473 | D:6      | Found a transporter.
  4808 | D:6      | Reached skill level 10 in Unarmed Combat
  4947 | D:7      | Found a broken altar of Ashenzari.
  5075 | D:7      | Reached XP level 9. HP: 57/57 MP: 9/9
  5329 | D:7      | Reached skill level 1 in Shapeshifting
  6024 | D:8      | Reached skill level 5 in Throwing
  6490 | D:8      | Noticed a two-headed ogre
  6500 | D:8      | Slain by a two-headed ogre

Illustrated notes

Levels and vault maps discovered:
D:1:      minmay_arrival_hallway, layout_basic,
          shapermc_ecumenical_altar_starsandcircs
D:2:      layout_basic, basic_altar, patterned_corridor
D:3:      layout_rooms, mainiacjoe_overflow_surrounded_room, uniq_sigmund
D:4:      layout_gridville, lemuel_crystal_altar, fedhas_altar_2,
          mainiacjoe_overflow_24_doors, kennysheep_mini_moat,
          minmay_misc_feat_pillars, minivault_23, minmay_misc_feat_encased,
          roderic_roman_lattice, uniq_grinder
D:5:      minmay_general_purpose_star, layout_basic, grunt_temple_overflow_open,
          minmay_temple_entry_grid, serial_shops, nicolae_shop_hallway_plus
D:6:      layout_loops_ring, mainiacjoe_overflow_boulevard,
          gammafunk_ghost_stat_death, eino_tiny_chamber,
          nicolae_figureground_pulse, uniq_blork_the_orc
D:7:      layout_basic, kennysheep_little_box
D:8:      layout_layer_cave
Temple:   nicolae_temple_no_exploring_needed

Skill      XL: |  1  2  3  4  5  6  7  8  9 |
---------------+----------------------------+-----
Unarmed Combat | 3 4 5 6 8 10 | 10.0
Stealth        | 1 2 3 4 5 |  5.0
Throwing       | 1 5 |  5.7
Dodging        | 4 |  4.0
Fighting       | 4 |  4.0
Shapeshifting  | 3 |  3.6
Shields        | |  3.4

Action                     |  1- 3 |  4- 6 |  7- 9 || total
---------------------------+-------+-------+-------++-------
  Melee: Unarmed           |    74 |    64 |   220 ||   358
         Tentacles         |    19 |    13 |    54 ||    86
         Constrict         |    23 |    14 |    62 ||    99
         Punch             |     4 |     5 |    20 ||    29
  Throw: Dart              |       |       |    20 ||    20
         Boomerang         |       |       |     3 ||     3
    Use: Potion            |       |     1 |       ||     1
         Scroll            |       |       |     6 ||     6
   Stab: Sleeping          |     8 |     7 |     3 ||    18
         Distracted        |       |     1 |     1 ||     2
 Armour: Skin              |    24 |    38 |    83 ||   145
  Dodge: Dodged            |    27 |    38 |   106 ||   171
  Block: Buckler           |    10 |     9 |    26 ||    45
         Kite shield       |       |       |    34 ||    34
